AoeStats
← argentineau

African Clearing

510624125Analyzed
4v4 RM · 1d ago on Oct 1, 2026· 35m 47s· 8 players
Game mode
Random Map
Map size
Large (8 player)
Population
200
Speed
Normal
Resources
Standard
Victory
Conquest
Starting age
Dark Age
Ending age
Imperial Age
RankedLock teamsTeams togetherTeam positionsShared explorationLock speedFull tech treeHidden civsTurbo modeCheats
Victory
Defeat
🇺🇸 Bohemians · United States
1038
+17
🇺🇸 Inca · United States
1011
+18
🇬🇧 Franks · United Kingdom
976
+19
🇬🇧 Hindustanis · United Kingdom
974
+19
🇦🇷 Portuguese · Argentina
1071
-19
🇳🇿 Britons · New Zealand
1052
-18
🇪🇸 Ethiopians · Spain
1050
-18
🇦🇷 Goths · Argentina
1040
-18
Notalawyer
12:39 Loom
14:59 Feudal Age
18:49 Castle Age
16:57 Double-Bit Axe
16:57 Horse Collar
20:36 Bow Saw
21:03 Heavy Plow
22:32 Champi Runner
25:23 Champi Warrior
29:24 Arson
29:40 Squires
33:21 Imperial Age
31:29 Wheelbarrow
31:07 Scale Mail Armor
31:20 Gold Mining
32:06 Pikeman
34:36 Chain Mail Armor
34:38 Forging
34:21 Capped Ram
36:02 Plate Mail Armor
shortsnorter
11:30 Loom
14:14 Feudal Age
18:11 Castle Age
31:24 Imperial Age
32:53 Fletching
Gila9x
4:48 Loom
14:24 Feudal Age
14:57 Double-Bit Axe
15:06 Gold Mining
18:10 Wheelbarrow
22:31 Castle Age
21:12 Forging
22:39 Gold Mining
23:48 Scale Barding Armor
24:24 Gold Shaft Mining
25:45 Hand Cart
29:15 Chain Barding Armor
30:14 Husbandry
32:33 Iron Casting
33:19 Fletching
32:57 Elite Skirmisher
Hvide
10:55 Loom
13:47 Feudal Age
15:14 Double-Bit Axe
18:51 Town Watch
21:49 Castle Age
23:15 Scale Barding Armor
23:24 Bloodlines
29:53 Husbandry
31:41 Chain Barding Armor
33:12 Sanctity
35:14 Horse Collar
DOM
13:58 Feudal Age
12:18 Loom
15:43 Double-Bit Axe
16:02 Horse Collar
18:08 Gold Mining
21:07 Fletching
23:25 Castle Age
21:28 Padded Archer Armor
21:23 Stone Mining
24:16 Bow Saw
23:28 Crossbowman
24:13 Bodkin Arrow
26:27 Thumb Ring
27:52 Wheelbarrow
29:03 Heavy Plow
30:22 Ballistics
30:57 Leather Archer Armor
30:57 Town Watch
34:32 Gold Shaft Mining
34:35 Masonry
argentineau
8:07 Loom
14:43 Feudal Age
15:13 Double-Bit Axe
20:19 Castle Age
18:55 Wheelbarrow
21:22 Bow Saw
23:28 Horse Collar
25:44 Heavy Plow
28:40 Caravan
28:08 Pikeman
28:54 Padded Archer Armor
28:54 Scale Mail Armor
29:18 Hand Cart
30:59 Town Watch
32:13 Chain Mail Armor
34:23 Gold Mining
34:25 Stone Mining
chichimp
8:06 Loom
13:41 Feudal Age
15:20 Town Watch
18:22 Castle Age
16:52 Double-Bit Axe
26:53 Fletching
FranGinaro
12:51 Feudal Age
12:51 Feudal Age
12:41 Loom
16:34 Castle Age
14:27 Double-Bit Axe
14:56 Horse Collar
17:46 Bow Saw
18:55 Heavy Plow
23:28 Town Watch
23:47 Padded Archer Armor
24:30 Wheelbarrow
27:34 Hand Cart
32:41 Imperial Age
31:12 Fletching
31:23 Padded Archer Armor
31:16 Pikeman
32:06 Bodkin Arrow
32:35 Ballistics
31:57 Treadmill Crane
32:37 Gold Mining
32:38 Stone Mining
34:27 Chemistry
33:29 Bracer
32:52 Crossbowman
33:39 Thumb Ring
35:05 Leather Archer Armor
34:16 Arbalester
Connection lost

Rejoining the realm…

Still unreachable

The connection could not be restored.

Session expired

The server has moved on; the page needs a fresh start.